 Dungeon Crawl Stone Soup version 0.20.1-1-g8b1a95d (webtiles) character file.

113854 letownia2 the Necromancer (level 16, -9/141 HPs)
             Began as a Deep Dwarf Necromancer on Oct 29, 2017.
             Was an Initiate of Gozag.
             Mangled by a naga warrior
             ... wielding a +0 long sword
              (14 damage)
             ... on level 1 of the Snake Pit.
             The game lasted 02:28:26 (33825 turns).

letownia2 the Necromancer (Deep Dwarf Necromancer) Turns: 33825, Time: 02:28:26

Health: -9/141     AC: 21    Str: 16    XL:     16   Next: 15%
Magic:  9/32       EV: 12    Int: 19    God:    Gozag
Gold:   3780       SH:  0    Dex: 13    Spells: 17/39 levels left

rFire    + + .     SeeInvis .   b - staff of death
rCold    + . .     Gourm    .   (no shield)
rNeg     + + .     Faith    .   p - +1 scale mail {MR+}
rPois    +         Spirit   .   n - +2 hat
rElec    +         Reflect  .   M - +2 cloak of Defence {rPois rC+ MR++ Stlth-}
rCorr    +         Harm     .   K - +2 pair of gloves {archery}
MR       +++++                  d - +1 pair of boots of the Devil's Advocate {rElec rF+}
Stlth    ..........             k - amulet of rage
Regen    0.0/turn               o - ring of resist corrosion
MPRegen  0.3/turn               Q - ring of protection from fire

@: very slightly contaminated, non-regenerating
A: damage resistance, heal wounds, negative energy resistance 1, sense
surroundings 2, no regeneration
a: Heal Wounds, Potion Petition, Call Merchant, Bribe Branch, Renounce Religion,
Evoke Berserk Rage


You were on level 1 of the Snake Pit.
You worshipped Gozag.
Gozag was most pleased with you.
You were full.

You visited 5 branches of the dungeon, and saw 24 of its levels.
You also visited: Ice Cave and Volcano.

You collected 9911 gold pieces.
You spent 235 gold pieces at shops.
You paid 5896 gold pieces to Gozag.

Inventory:

Hand Weapons
 a - a +1 broad axe of chopping
 c - a +0 blowgun
 u - a +5 spear of venom
 w - a +1 battleaxe
 P - a +1 fustibalus of flaming
Missiles
 s - 3 steel javelins (quivered)
 F - 130 sling bullets
 Z - 8 curare-tipped needles
Armour
 d - the +1 pair of boots of the Devil's Advocate (worn) {rElec rF+}
   (You bought it in a shop on level 2 of the Lair of Beasts)

   It protects you from fire.
   It insulates you from electricity.
 n - a +2 hat (worn)
 p - a +1 scale mail of magic resistance (worn)
 D - a +2 chain mail of fire resistance
 K - a +2 pair of gloves of archery (worn)
 M - the +2 cloak of Defence (worn) {rPois rC+ MR++ Stlth-}
   (You found it on level 6 of the Dungeon)

   It protects you from cold.
   It protects you from poison.
   It affects your resistance to hostile enchantments.
   It makes you less stealthy.
Magical Staves
 b - an uncursed staff of death (weapon)
Jewellery
 g - the ring of Omywk {+Fly rC+}
   (You found it in an ice cave)

   [ring of flight]

   It protects you from cold.
   It lets you fly.
 k - an amulet of rage (around neck)
 o - a ring of resist corrosion (left hand)
 Q - a ring of protection from fire (right hand)
 Y - a +3 ring of strength
Wands
 f - a wand of iceblast (7/15)
 h - a wand of confusion (17/48)
 x - a wand of iceblast (0/15)
 y - a wand of iceblast (6/15)
 V - a wand of acid (5/15)
Scrolls
 i - 6 scrolls of identify
 l - 12 scrolls of remove curse
 m - 3 scrolls of magic mapping
 q - 2 scrolls of fear
 r - 2 scrolls of fog
 C - 2 scrolls of teleportation
 G - 2 scrolls of recharging
 R - 4 scrolls of immolation
Potions
 e - 7 potions of resistance
 t - 6 potions of might
 v - a potion of heal wounds
 z - 4 potions of flight
 A - 4 potions of curing
 B - 3 potions of agility
 H - 7 potions of mutation
 I - a potion of magic
 O - 8 potions of brilliance
 S - a potion of haste
 X - 7 potions of lignification
Miscellaneous
 j - a lightning rod (4/4)
 L - a phial of floods
Comestibles
 T - 14 bread rations


   Skills:
 - Level 8.4 Fighting
 + Level 13.1 Axes
 - Level 2.1 Slings
 - Level 11.5 Armour
 - Level 4.8 Dodging
 - Level 2.4 Stealth
   Level 2.0 Shields
 - Level 12.3 Spellcasting
 - Level 3.4 Conjurations
 - Level 15.4 Necromancy
 - Level 2.1 Translocations
 - Level 2.7 Transmutations
 - Level 3.0 Fire Magic
 - Level 4.8 Air Magic
 - Level 2.0 Poison Magic
 - Level 4.2 Evocations


You had 17 spell levels left.
You knew the following spells:

 Your Spells              Type           Power        Failure   Level  Hunger
a - Pain                  Necr           ####         1%          1    None
b - Blink                 Tloc           N/A          10%         2    None
c - Conjure Flame         Conj/Fire      ###.....     13%         3    None
e - Mephitic Cloud        Conj/Pois/Air  ###.....     12%         3    None
i - Ignite Poison         Fire/Tmut/Pois ###.....     16%         3    None
j - Portal Projectile     Hex/Tloc       ###...       30%         3    None
v - Vampiric Draining     Necr           #######...   1%          3    None
x - Inner Flame           Hex/Fire       ###.....     26%         3    None
z - Summon Butterflies    Summ           ##......     16%         1    None


Dungeon Overview and Level Annotations

Branches:
Dungeon (14/15)            Temple (1/1) D:4            Lair (6/6) D:11
  Swamp (0/4) Lair:3        Snake (1/4) Lair:3        Slime (0/5) Lair:6
    Orc (2/2) D:9             Elf (0/3) Orc:2        Vaults (0/5) D:14

Altars:
Dithmenos
Gozag
Hepliaklqana
Okawaru
Trog
Vehumet
Xom
Beogh

Shops:
D:8 =   D:9 [   Orc:2 (*=[   Lair:2 [[[[**

Annotations:
D:6 profreshinal's ghost, weakling FoBe
Orc:2 Saint Roka


Innate Abilities, Weirdness & Mutations

You are resistant to damage.
You can heal yourself by infusing magical energy.
You resist negative energy. (rN+)
You passively map the area around you.
You do not regenerate.


Message History

The naga sharpshooter shoots an arrow.
The arrow hits you but does no damage.
You see here an arrow.
The naga sharpshooter gestures wildly while chanting.
The naga sharpshooter magically shoots an arrow.
The arrow hits you!
* * * LOW HITPOINT WARNING * * *
The naga sharpshooter shoots a bolt.
The bolt closely misses you.
You see here 2 bolts.
Unknown command.
Unknown command.
Unknown command.
Unknown command.
Blink to where?
Press: ? - help, Dir - move target cursor, p - naga warrior You are very lightly contaminated with residual magic.
As you read the scroll of blinking, it crumbles to dust.
The naga mage is no longer moving quickly.
The naga warrior hits you with a long sword!!
You die...
Your body crumbles into a pile of gold.

##### #.... #)### ########.# #
#......#.# # ### #.####.#.# #
..N..#################.####.#.###
NN..../((.ยง......NN..........N..>
####.###########@#####.#.####.###
* #.# #.#.# #.# #.# #.#.# #.# ,
#.# #.#(# #.# * * #.# #.#.# #.#
,** #.# #.#.. ..# #.# #.##. ###
### * #.#####.# . #<## #.......# *
* *


You could see a naga warrior and a naga mage.

Vanquished Creatures
  An Ice Fiend (IceCv)
  An orc warlord (Orc:1)
  A red draconian (Volcano)
  Josephine (Snake:1)
  The ghost of arttle the Protected, a journeyman MiFi (Volcano)
  2 naga warriors (Snake:1)
  A vault guard (D:14)
  2 anacondas (Snake:1)
  6 hydras
  A catoblepas (Lair:3)
  7 two-headed ogres
  The ghost of karf the Cleaver, a novice MiFi of Okawaru (D:9)
  A tengu warrior (D:14)
  5 centaur warriors
  3 death yaks (Lair:6)
  The ghost of letownia2 the Reanimator, a novice DDNe of Gozag (D:10)
  A shock serpent (Snake:1)
  3 naga sharpshooters (Snake:1)
  4 skeletal warriors (D:14)
  A salamander mystic (Volcano)
  4 unseen horrors
  4 naga ritualists (Snake:1)
  A deep elf archer (D:14)
  2 wizards
  8 orc knights
  3 mana vipers (Snake:1)
  3 ugly things
  5 cyclopes
  A deep elf mage (D:13)
  6 orc sorcerers
  4 elephants (Lair:5)
  7 salamanders
  2 ice statues
  2 naga magi (Snake:1)
  13 black mambas
  12 spiny frogs
  3 gargoyles
  An orange demon (Lair:6)
  4 anaconda simulacra (IceCv)
  8 rime drakes
  10 ice devils
  12 komodo dragons
  A tengu conjurer (D:14)
  5 freezing wraiths (IceCv)
  A queen bee (D:14)
  8 trolls
  A queen bee (shapeshifter) (D:14)
  6 meliai (D:14)
  A polar bear (Lair:2)
  A hornet (D:14)
  5 blink frogs (Lair:4)
  A hippogriff (shapeshifter) (D:13)
  9 hippogriffs
  10 dream sheep
  4 wraiths (Snake:1)
  4 dire elephant simulacra (IceCv)
  52 yaks
  2 wyverns
  A human (D:14)
  3 hungry ghosts
  2 basilisks
  2 wargs (Orc:2)
  2 harpy simulacra (IceCv)
  3 iron troll simulacra (IceCv)
  A steam dragon (D:9)
  An insubstantial wisp (Lair:3)
  14 nagas
  A soldier ant (shapeshifter) (D:14)
  12 water moccasins
  2 hydra simulacra (IceCv)
  14 porcupines
  41 orc warriors
  An acid dragon (D:14)
  5 sky beasts
  2 alligator simulacra (IceCv)
  An eye of draining (D:14)
  7 ice beasts
  6 black bears
  15 ogres
  2 necrophages
  3 phantoms
  7 wolves
  24 centaurs
  20 crocodiles
  5 big kobolds
  21 bullfrogs
  5 gnoll sergeants (D:9)
  A wyvern zombie (D:13)
  13 scorpions
  34 killer bees
  8 wights
  5 electric eels
  A howler monkey (D:5)
  11 crimson imps
  2 draconian simulacra (IceCv)
  A quasit (D:12)
  2 bullfrog zombies
  7 hounds
  5 centaur skeletons
  19 jellies
  21 orc priests
  24 orc wizards
  5 bullfrog skeletons
  3 iguanas
  14 worker ants
  Ijyb (D:4)
  4 hell rats (Lair:6)
  A polar bear simulacrum (IceCv)
  5 troll simulacra (IceCv)
  A wolf simulacrum (IceCv)
  A hound zombie (D:4)
  2 hound skeletons
  A worker ant zombie (D:5)
  A howler monkey skeleton (D:4)
  9 adders
  17 gnolls
  2 naga simulacra (IceCv)
  An ogre simulacrum (IceCv)
  4 shadow imps
  8 white imps (IceCv)
  10 ufetubi
  7 oozes
  An adder skeleton (D:5)
  An adder zombie (D:6)
  3 worms
  A dart slug (D:5)
  4 leopard geckos
  89 orcs
  A ball python (D:4)
  6 bats
  7 giant cockroaches
  10 goblins
  4 hobgoblins
  3 jackals (D:2)
  2 quokkas
  8 frilled lizards
  21 kobolds
  A leopard gecko skeleton (D:4)
  A quokka skeleton (D:4)
  A quokka zombie (D:5)
  7 rats
  3 fungi
  A plant (D:11)
919 creatures vanquished.

Vanquished Creatures (others)
  A wizard (Lair:6)
  A bush (Lair:6)
  23 fungi
  A plant (Lair:6)
26 creatures vanquished.

Grand Total: 945 creatures vanquished

Notes
Turn   | Place    | Note
-------+----------+-------------------------------------------
     0 | D:1      | letownia2 the Deep Dwarf Necromancer began the quest for the Orb.
     0 | D:1      | Reached XP level 1. HP: 15/15 MP: 3/3
   262 | D:3      | Reached XP level 2. HP: 19/22 MP: 0/5
   782 | D:4      | Noticed a scorpion
   871 | D:3      | HP: 1/22 [scorpion (6)]
   873 | D:3      | Killed a scorpion
   873 | D:3      | Reached skill level 5 in Necromancy
   873 | D:3      | Reached XP level 3. HP: 1/28 MP: 0/7
   873 | D:3      | Reached XP level 4. HP: 1/36 MP: 0/8
   878 | D:3      | Learned a level 3 spell: Vampiric Draining
  1726 | D:4      | Reached XP level 5. HP: 5/42 MP: 0/10
  1953 | D:4      | Reached skill level 6 in Necromancy
  2043 | D:4      | Reached XP level 6. HP: 32/49 MP: 1/12
  2238 | D:4      | Found a staircase to the Ecumenical Temple.
  2249 | Temple   | Entered the Ecumenical Temple
  2256 | Temple   | Became a worshipper of Gozag Ym Sagoz the Greedy
  2367 | D:4      | Reached skill level 1 in Armour
  2405 | D:4      | Noticed Ijyb
  2425 | D:4      | Killed Ijyb
  3049 | D:3      | Found a faded altar of an unknown god.
  3220 | D:2      | Reached XP level 7. HP: 23/55 MP: 9/13
  3512 | D:2      | Reached skill level 7 in Necromancy
  3554 | D:2      | Found an iron altar of Okawaru.
  4204 | D:5      | Entered Level 5 of the Dungeon
  4294 | D:5      | Reached skill level 1 in Fighting
  4587 | D:5      | Reached XP level 8. HP: 58/67 MP: 14/14
  4606 | D:5      | Found a shimmering altar of Xom.
  4762 | D:6      | Reached skill level 8 in Necromancy
  4914 | D:6      | Got a twisted cloak
  4920 | D:6      | Identified the +2 cloak of Defence {rPois rC+ MR++ Stlth-} (You found it on level 6 of the Dungeon)
  5011 | D:6      | Reached skill level 5 in Spellcasting
  5181 | D:6      | Noticed profreshinal's ghost (weakling FoBe)
  5274 | D:6      | Reached skill level 1 in Evocations
  5314 | D:6      | Reached skill level 9 in Necromancy
  5364 | D:6      | Noticed a komodo dragon
  5397 | D:6      | Killed a komodo dragon
  5397 | D:6      | Gained mutation: You passively map the area around you. [Deep Dwarf growth]
  5397 | D:6      | Reached XP level 9. HP: 61/76 MP: 4/17
  6622 | D:8      | Found Ozookiw's Jewellery Boutique.
  6664 | D:8      | Noticed an ice devil
  6666 | D:8      | Noticed an ice devil
  6666 | D:8      | Noticed an ice devil
  6668 | D:8      | Noticed an ice devil
  6669 | D:8      | Noticed an ice devil
  6669 | D:8      | Noticed an ice statue
  6686 | D:8      | You fall through a shaft!
  6787 | D:9      | Noticed karf's ghost (novice MiFi)
  7416 | D:8      | Learned a level 3 spell: Portal Projectile
  7468 | D:6      | Reached XP level 10. HP: 80/84 MP: 18/22
  7722 | D:9      | Found Heqis's Antique Armour Boutique.
  8129 | D:9      | Noticed a two-headed ogre
  8139 | D:9      | Killed a two-headed ogre
  8139 | D:9      | Reached skill level 10 in Spellcasting
  8899 | D:9      | Found a staircase to the Orcish Mines.
  8927 | D:9      | Reached skill level 1 in Axes
  9216 | D:10     | Entered Level 10 of the Dungeon
  9270 | D:10     | Noticed a centaur warrior
  9276 | D:10     | Reached skill level 5 in Armour
  9302 | D:10     | Killed a centaur warrior
  9302 | D:10     | Reached skill level 10 in Necromancy
  9302 | D:10     | Reached XP level 11. HP: 59/93 MP: 2/25
  9412 | D:10     | Noticed letownia2's ghost (novice DDNe)
 10092 | D:10     | Killed an unseen horror
 10307 | D:10     | Learned a level 3 spell: Conjure Flame
 10311 | D:10     | Learned a level 3 spell: Mephitic Cloud
 10314 | D:10     | Learned a level 2 spell: Blink
 10318 | D:10     | Learned a level 3 spell: Inner Flame
 10440 | D:9      | Noticed a two-headed ogre
 10616 | D:10     | Reached skill level 5 in Fighting
 10981 | D:11     | Noticed a cyan ugly thing
 10982 | D:11     | Noticed a centaur warrior
 10991 | D:10     | Killed a cyan ugly thing
 11092 | D:11     | Reached skill level 1 in Fire Magic
 11095 | D:11     | Reached skill level 1 in Translocations
 11160 | D:11     | Reached skill level 1 in Air Magic
 11175 | D:11     | Killed a centaur warrior
 11175 | D:11     | Reached skill level 1 in Conjurations
 11175 | D:11     | Reached skill level 1 in Poison Magic
 11375 | D:11     | Noticed a brown ugly thing
 11385 | D:11     | Killed a brown ugly thing
 11651 | D:11     | Noticed an eight-headed hydra
 11676 | D:11     | Killed an eight-headed hydra
 11750 | D:11     | Noticed a two-headed ogre
 11788 | D:11     | Killed a two-headed ogre
 11788 | D:11     | Reached XP level 12. HP: 97/103 MP: 2/26
 12000 | D:11     | Found a staircase to the Lair.
 12413 | D:12     | Reached skill level 5 in Axes
 12707 | D:12     | Reached skill level 11 in Necromancy
 12933 | D:12     | Noticed a two-headed ogre
 12951 | D:12     | Killed a two-headed ogre
 13258 | Lair:1   | Entered Level 1 of the Lair of Beasts
 13322 | Lair:2   | Bought a pair of jewelled boots for 209 gold pieces
 13332 | Lair:2   | Identified the +1 pair of boots of the Devil's Advocate {rElec rF+} (You bought it in a shop on level 2 of the Lair of Beasts)
 13464 | Lair:2   | Found a dark tunnel.
 13478 | Volcano  | Entered a volcano
 13558 | Volcano  | Found a radiant altar of Vehumet.
 13559 | Volcano  | Noticed a red draconian
 13643 | Volcano  | Noticed arttle's ghost (journeyman MiFi)
 13663 | Volcano  | Killed a red draconian
 13666 | Volcano  | Killed arttle's ghost
 14083 | Volcano  | Reached skill level 12 in Necromancy
 14884 | Lair:3   | Noticed a catoblepas
 15199 | Lair:1   | Reached XP level 13. HP: 83/115 MP: 16/27
 16425 | Lair:3   | Found a staircase to the Swamp.
 16695 | Lair:3   | Found a staircase to the Snake Pit.
 17161 | D:9      | Killed karf's ghost
 17494 | Orc:1    | Entered Level 1 of the Orcish Mines
 18300 | Orc:2    | Entered Level 2 of the Orcish Mines
 18303 | Orc:2    | Found Yserink's Antique Armour Shoppe.
 19121 | Orc:2    | Found Mube's General Store.
 19184 | Orc:2    | Noticed Saint Roka
 19318 | Orc:2    | Found a staircase to the Elven Halls.
 19390 | Orc:2    | Noticed an orc warlord
 19573 | Orc:1    | Killed an orc warlord
 19573 | Orc:1    | Reached skill level 13 in Necromancy
 20173 | Orc:2    | Found Utyo's Jewellery Shoppe.
 20283 | Orc:2    | Bought a scroll of fog for 26 gold pieces
 20451 | Orc:2    | Found Toacar's Antique Weapon Boutique.
 20744 | Orc:2    | Found a roughly hewn altar of Beogh.
 21596 | Lair:4   | Gained mutation: You resist negative energy. (rN+) [Deep Dwarf growth]
 21596 | Lair:4   | Reached XP level 14. HP: 108/127 MP: 14/29
 23089 | Lair:5   | Reached skill level 10 in Armour
 23636 | Lair:6   | Entered Level 6 of the Lair of Beasts
 24045 | Lair:6   | Found a staircase to the Slime Pits.
 24415 | Lair:6   | Reached skill level 14 in Necromancy
 26413 | D:10     | Killed letownia2's ghost
 26730 | D:13     | Reached XP level 15. HP: 128/134 MP: 8/31
 27587 | D:13     | Learned a level 3 spell: Ignite Poison
 27701 | D:14     | Reached skill level 1 in Transmutations
 28157 | D:14     | Reached skill level 15 in Necromancy
 28381 | D:14     | Learned a level 1 spell: Summon Butterflies
 28527 | D:14     | Found a shadowy altar of Dithmenos.
 29630 | D:14     | Reached skill level 1 in Shields
 29695 | D:14     | Found a gate to the Vaults.
 30333 | Snake:1  | Entered Level 1 of the Snake Pit
 30348 | Snake:1  | Reached skill level 10 in Axes
 30359 | Snake:1  | HP: 5/134 [naga sharpshooter/arrow (20)]
 30733 | Snake:1  | Noticed Josephine
 30751 | Snake:1  | Killed Josephine
 30962 | Snake:1  | Found a frozen archway.
 30971 | IceCv    | Entered an ice cave
 31308 | IceCv    | Got a scorched gossamer ring
 31309 | IceCv    | Identified the ring of Omywk {+Fly rC+} (You found it in an ice cave)
 31990 | IceCv    | Reached skill level 1 in Slings
 32508 | IceCv    | Noticed an Ice Fiend
 32979 | IceCv    | Killed an Ice Fiend
 32979 | IceCv    | Reached XP level 16. HP: 48/141 MP: 19/32
 33822 | Snake:1  | HP: 5/141 [naga sharpshooter/arrow (9)]
 33825 | Snake:1  | Mangled by a naga warrior

Skill      XL: |  1  2  3  4  5  6  7  8  9 10 11 12 13 14 15 16 |
---------------+-------------------------------------------------+-----
Spellcasting   | 2 3 4 5 8 10 11 12 | 12.3
Necromancy     | 5 6 7 9 10 12 13 14 15 | 15.4
Armour         | 2 4 5 6 9 11 | 11.5
Fighting       | 2 3 4 5 7 8 |  8.4
Evocations     | 3 4 |  4.2
Axes           | 2 4 7 8 12 13 | 13.1
Dodging        | 3 4 |  4.8
Fire Magic     | 2 3 |  3.0
Translocations | 2 |  2.1
Air Magic      | 3 4 |  4.8
Conjurations   | 3 |  3.4
Poison Magic   | 1 2 |  2.0
Transmutations | 2 |  2.7
Shields        | 2 |  2.0
Slings         | 2 |  2.1
Stealth        | |  2.4

Action                   |  1- 3 |  4- 6 |  7- 9 | 10-12 | 13-15 | 16-18 || total
-------------------------+-------+-------+-------+-------+-------+-------++-------
Melee: Dagger            |       |    29 |       |     7 |       |       ||    36
       Club              |       |       |   418 |    80 |       |       ||   498
       Spear             |       |       |       |   626 |  1032 |       ||  1658
       Flail             |       |       |       |    23 |       |       ||    23
       War axe           |       |       |       |    15 |   157 |       ||   172
       Broad axe         |       |       |       |       |   137 |    14 ||   151
       Staff             |       |       |       |       |       |    17 ||    17
 Fire: Fustibalus        |       |       |       |       |   244 |       ||   244
Throw: Tomahawk          |       |     2 |    13 |     6 |       |       ||    21
       Javelin           |       |       |       |    12 |    10 |       ||    22
 Cast: Pain              |    42 |    29 |    70 |    36 |    31 |       ||   208
       Vampiric Draining |       |    31 |    68 |   261 |   574 |    39 ||   973
       Conjure Flame     |       |       |       |    23 |   143 |    11 ||   177
       Blink             |       |       |       |     5 |    22 |     8 ||    35
       Mephitic Cloud    |       |       |       |    18 |    97 |     3 ||   118
       Ignite Poison     |       |       |       |       |    10 |       ||    10
       Summon Butterflie |       |       |       |       |     2 |       ||     2
Invok: Call Merchant     |       |       |       |     3 |     3 |       ||     6
 Abil: Evoke Flight      |       |       |       |       |     1 |       ||     1
Evoke: Wand              |       |       |     2 |    30 |    56 |    12 ||   100
       Phial of floods   |       |       |       |       |     1 |       ||     1
  Use: Scroll            |       |       |     1 |    19 |    22 |     5 ||    47
       Potion            |       |       |       |     3 |    10 |       ||    13
 Stab: Distracted        |       |       |     1 |     3 |     4 |       ||     8
       Paralysed         |       |       |       |     1 |       |       ||     1
       Confused          |       |       |       |     4 |    28 |     1 ||    33
       Invisible         |       |       |       |     1 |       |       ||     1
  Eat: Chunk             |       |     4 |       |       |       |       ||     4
       Meat ration       |       |     1 |     1 |       |     4 |       ||     6
       Royal jelly       |       |       |     7 |    13 |    15 |       ||    35
       Fruit             |       |       |     4 |    10 |    14 |       ||    28
Armor: Leather armour    |       |    13 |       |       |       |       ||    13
       Scale mail        |       |     1 |   379 |   532 |   553 |    53 ||  1518
       Chain mail        |       |       |       |       |   304 |       ||   304
Dodge: Dodged            |     7 |    52 |   319 |   548 |   797 |    48 ||  1771
Block: Buckler           |       |       |       |       |     5 |       ||     5
